 Dungeon Crawl Stone Soup version 0.32-a0-931-g5a2cda0630 (webtiles) character file.

Game seed: 5607962852053140019

16921 Slen the Severer (level 12, 0/103 HPs)
             Began as a Minotaur Berserker on Apr 13, 2024.
             Was an Elder of Trog.
             Slain by a two-headed ogre
             ... wielding a +0 giant club
              (22 damage)
             ... on level 12 of the Dungeon.
             The game lasted 00:29:37 (11585 turns).

Slen the Severer (Minotaur Berserker)              Turns: 11585, Time: 00:29:38

Health: 0/103      AC:  7    Str: 25    XL:     12   Next: 14%
Magic:  11/11      EV: 12    Int:  5    God:    Trog [****..]
Gold:   940        SH:  0    Dex: 16    Spells: 11/11 levels left

rFire   . . .        J - +2 broad axe (drain)
rCold   + . .        (no shield)
rNeg    . . .        O - +0 leather armour of Dithmenos's Generosity {rC+ Str+3 SInv}
rPois   .            (helmet restricted)
rElec   .            q - +0 cloak
rCorr   .            n - +0 pair of gloves
SInv    +            (no boots)
Will    +....        (no amulet)
Stlth   +            E - +4 ring of slaying
HPRegen 0.37/turn    h - ring of willpower
MPRegen 0.12/turn

%: no passive effects
@: no status effects
A: horns 2, retaliatory headbutt, agile 1, sense surroundings 1, wild magic 1,
sturdy frame 1
a: Renounce Religion, Berserk, Trog's Hand, Brothers in Arms


You were on level 12 of the Dungeon.
You worshipped Trog.
Trog was greatly pleased with you.
You visited 1 branch of the dungeon, and saw 12 of its levels.

You collected 940 gold pieces.

Inventory:

Hand Weapons
 a - a +0 hand axe
 j - a +1 dagger of venom
 v - a +0 sling of freezing
 G - a +2 antimagic orcbow
 J - a +2 broad axe of draining (weapon)
 K - a +0 war axe
 Q - a +0 scimitar of flaming
 S - a +2 hand axe
Missiles
 U - 2 throwing nets (quivered)
Armour
 n - a +0 pair of gloves (worn)
 q - a +0 cloak (worn)
 A - an orb of light
 N - +0 acid dragon scales
 O - the +0 leather armour of Dithmenos's Generosity (worn) {rC+ Str+3 SInv}
   (You found it on level 7 of the Dungeon)

   Str+3:     It affects your strength (+3).
   rC+:       It protects you from cold.
   SInv:      It lets you see invisible.
 P - a +0 plate armour
Jewellery
 f - a ring of fire
 h - a ring of willpower (right hand)
 l - a ring of poison resistance
 E - a +4 ring of slaying (left hand)
 H - a ring of magical power
 I - a ring of protection from cold
 R - a ring of wizardry
 W - a +6 ring of intelligence
 Y - a +6 ring of intelligence
Wands
 c - a wand of warping (3)
 y - a wand of charming (6)
 C - a wand of flame (42)
 F - a wand of quicksilver (28)
 M - a wand of polymorph (9)
 Z - a wand of digging (4)
Scrolls
 b - 4 scrolls of teleportation
 o - 3 scrolls of enchant weapon
 s - a scroll of vulnerability {unknown}
 u - a scroll of noise {unknown}
 x - 3 scrolls of fear
 B - a scroll of blinking {unknown}
 T - a scroll of torment {unknown}
 X - 2 scrolls of poison {unknown}
Potions
 d - 2 potions of degeneration
 e - 6 potions of curing
 g - 4 potions of enlightenment
 i - 4 potions of resistance
 k - 2 potions of heal wounds
 p - a potion of attraction {unknown}
 r - a potion of haste
 w - 2 potions of brilliance {unknown}
 z - a potion of cancellation
 D - a potion of lignification
 L - a potion of berserk rage {unknown}
 V - a potion of might {unknown}
Miscellaneous
 m - a sack of spiders


   Skills:
 * Level 8.9 Fighting
 + Level 20.1 Axes
 * Level 8.9 Armour
 - Level 2.6 Dodging
 + Level 1.6 Evocations


You had 11 spell levels left.
You didn't know any spells.
Your spell library contained the following spells:

 Spells                   Type           Power      Damage    Failure   Level
 Slow                     Hex            0%         N/A       56%         1
 Blink                    Tloc           0%         N/A       71%         2
 Lesser Beckoning         Tloc           0%         N/A       71%         2
 Momentum Strike          Conj/Tloc      0%         3d8       71%         2
 Scorch                   Fire           0%         2d5       71%         2
 Flame Wave               Conj/Fire      0%         2d4       99%         4
 Summon Cactus Giant      Summ           0%         N/A       100%        6


Dungeon Overview and Level Annotations

Branches:
Dungeon (12/15)            Temple (0/1) D:5            Lair (0/5) D:11
    Orc (0/2) D:9

Altars:
Ashenzari
Dithmenos
Kikubaaqudgha
Ru
Sif Muna
Uskayaw
Zin
The Shining One


Innate Abilities, Weirdness & Mutations

You have a pair of horns on your head.
You reflexively headbutt those who attack you in melee.
You are agile. (Dex +4, Str/Int -1)
You passively map a small area around you.
Your spells are a little harder to cast, but a little more powerful.
Your movements are slightly less encumbered by armour. (ER -2)


Message History

The two-headed ogre shouts in stereo!
A slime creature comes into view.
You see here 15 gold pieces.
The slime creature quivers. x2
You barely miss the slime creature. The slime creature hits you!
You barely miss the slime creature. You slice the two-headed ogre!!
You drain the two-headed ogre. You hit the slime creature.
The slime creature is lightly wounded.
You slash the two-headed ogre!
The two-headed ogre hits you but does no damage.
The two-headed ogre closely misses you.
The slime creature hits you but does no damage.
You slice the slime creature!! You headbutt the slime creature!
The slime creature is severely wounded.
You hit the slime creature. You slash the two-headed ogre!
Two slime creatures merge to form a large slime creature.
The slime creature hits you!
You slice the slime creature!! You drain the slime creature.
You kill the slime creature!
Trog accepts your kill.
You slash the large slime creature! You drain the large slime creature.
You slash the two-headed ogre!
The two-headed ogre hits you with a +0 giant club!!
The two-headed ogre barely misses you.
The large slime creature attacks as it pursues you!
The large slime creature hits you!!
* * * LOW HITPOINT WARNING * * *
Two slime creatures merge to form a very large slime creature.
The two-headed ogre attacks as it pursues you!
The two-headed ogre hits you with a +0 giant club!
* * * LOW HITPOINT WARNING * * *
The two-headed ogre closely misses you.
A very large slime creature splits.
Two slime creatures merge to form a very large slime creature.
There are no items here.
Found 10 gold pieces.
The very large slime creature seems less drained.
The two-headed ogre attacks as it pursues you!
The two-headed ogre hits you with a +0 giant club!!
You die...

# ###.......##.....##.......##..
# #..#.#.#...........#.#.#..... #
##.#...#.#.#...#.#.#...#.#.#. #
#..........#.#.#...........#. #
###.....##.......##.....##...
######...........#...............
......#.###)#....#....#.###.#....
.†...............#..J.$..........
.######.....##..@O...##.....##...
.# #..........#.#.#.......... #.
.# ##.#...#.#.#...#.#.#...#.#. .
.# #.#.#.#...........#.#.#..,..
.# #.......##.....##.......##..
.# #...#...............#.......
.# #...#....#.###.#....#....#.#
.# #...#...............#......#
.# #......)##.....##.......##.#


You could see a very large slime creature and a two-headed ogre (drained).

Vanquished Creatures
  Nessos (D:12)
  Erica (D:8)
  A centaur warrior (D:11)
  A boulder beetle (D:12)
  3 two-headed ogres
  A deep elf pyromancer (D:12)
  2 ugly things
  Jeremiah (D:9)
  Maggie (D:7)
  3 unseen horrors
  2 ice devils (D:12)
  2 trolls
  3 hornets
  Prince Ribbit (D:7)
  2 slime creatures (D:12)
  A shadow (D:11)
  2 wraiths
  2 wyverns
  20 yaks
  2 vampire mosquitoes (D:12)
  2 steam dragons
  3 water moccasins
  Duvessa (D:6)
  3 orc warriors
  A black bear (D:6)
  A sky beast (D:7)
  2 ice beasts (D:8)
  2 ogres (D:6)
  3 centaurs
  A kobold brigand (D:8)
  5 bullfrogs
  2 scorpions
  9 wights (D:8)
  Dowan (D:6)
  3 killer bees (D:8)
  6 howler monkeys
  A quasit (D:8)
  5 orc priests
  2 bombardier beetles
  2 hounds
  Crazy Yiuf (D:7)
  2 gnoll boudas (D:9)
  A sleepcap (D:7)
  Terence (D:2)
  An iguana (D:4)
  12 orc wizards
  13 gnolls
  5 adders
  A shadow imp (D:6)
  An ufetubus (D:8)
  2 ribbon worms
  4 dart slugs
  38 orcs
  5 ball pythons
  4 bats
  4 endoplasms
  5 giant cockroaches
  10 goblins
  4 hobgoblins
  2 jackals (D:5)
  15 kobolds
  A quokka (D:3)
  4 frilled lizards
  5 rats
248 creatures vanquished.

Vanquished Creatures (others)
  An orc wizard (D:4)
1 creature vanquished.

Grand Total: 249 creatures vanquished

Notes
Turn   | Place    | Note
-------+----------+-------------------------------------------
     0 | D:1      | Slen the Minotaur Berserker began the quest for the Orb.
     0 | D:1      | Reached XP level 1. HP: 19/19 MP: 0/0
   139 | D:1      | Reached XP level 2. HP: 27/27 MP: 1/1
   357 | D:1      | Found a faded altar of an unknown god.
   362 | D:1      | Got Plato's Volume of the Maleficium
   371 | D:1      | Reached skill level 4 in Axes
   396 | D:1      | Reached XP level 3. HP: 33/33 MP: 2/2
   880 | D:2      | Noticed Terence
   888 | D:2      | Killed Terence
   889 | D:2      | Reached skill level 5 in Axes
   889 | D:2      | Reached XP level 4. HP: 37/40 MP: 3/3
  1093 | D:2      | Reached ** piety under Trog
  1418 | D:3      | Reached skill level 6 in Axes
  1555 | D:3      | Reached XP level 5. HP: 46/46 MP: 4/4
  2266 | D:4      | Reached skill level 7 in Axes
  2544 | D:4      | Reached XP level 6. HP: 36/52 MP: 5/5
  2635 | D:4      | Reached skill level 8 in Axes
  2641 | D:4      | Found a glowing golden altar of the Shining One.
  2880 | D:4      | Found an ancient bone altar of Kikubaaqudgha.
  3014 | D:5      | Entered Level 5 of the Dungeon
  3044 | D:5      | Gained mutation: You have very sharp teeth. [potion of
                  | mutation]
  3044 | D:5      | Gained mutation: You have sharp fingernails. [potion of
                  | mutation]
  3045 | D:5      | Lost mutation: You have very sharp teeth. [potion of
                  | mutation]
  3045 | D:5      | Lost mutation: You have sharp fingernails. [potion of
                  | mutation]
  3045 | D:5      | Gained mutation: You expend magic power (3 MP) to
                  | strengthen your wands. [potion of mutation]
  3045 | D:5      | Gained mutation: You have hidden genetic potential. [potion
                  | of mutation]
  3046 | D:5      | Lost mutation: You have hidden genetic potential. [potion
                  | of mutation]
  3046 | D:5      | Lost mutation: You expend magic power (3 MP) to strengthen
                  | your wands. [potion of mutation]
  3046 | D:5      | Gained mutation: You are clumsy. (Dex -2) [potion of
                  | mutation]
  3047 | D:5      | Lost mutation: You are clumsy. (Dex -2) [potion of
                  | mutation]
  3047 | D:5      | Gained mutation: Your flesh is heat resistant. (rF+)
                  | [potion of mutation]
  3047 | D:5      | Gained mutation: You are weak. (Str -2) [potion of
                  | mutation]
  3047 | D:5      | Gained mutation: You occasionally lose the ability to drink
                  | potions when taking damage. [potion of mutation]
  3048 | D:5      | Lost mutation: You occasionally lose the ability to drink
                  | potions when taking damage. [potion of mutation]
  3048 | D:5      | Lost mutation: Your flesh is heat resistant. (rF+) [potion
                  | of mutation]
  3048 | D:5      | Lost mutation: You are weak. (Str -2) [potion of mutation]
  3048 | D:5      | Gained mutation: You are agile. (Dex +4, Str/Int -1)
                  | [potion of mutation]
  3048 | D:5      | Gained mutation: Your spells are a little harder to cast,
                  | but a little more powerful. [potion of mutation]
  3048 | D:5      | Gained mutation: You passively map a small area around you.
                  | [potion of mutation]
  3048 | D:5      | Gained mutation: Your movements are slightly less
                  | encumbered by armour. (ER -2) [potion of mutation]
  3061 | D:5      | Found a hide-covered altar of Uskayaw.
  3162 | D:5      | Reached skill level 9 in Axes
  3162 | D:5      | Reached XP level 7. HP: 26/58 MP: 6/6
  3430 | D:5      | Found a staircase to the Ecumenical Temple.
  4488 | D:6      | Reached skill level 10 in Axes
  4582 | D:6      | Reached skill level 5 in Armour
  4610 | D:6      | Reached XP level 8. HP: 66/66 MP: 7/7
  4703 | D:6      | Found a glowing silver altar of Zin.
  4788 | D:6      | Noticed Dowan
  4788 | D:6      | Noticed Duvessa
  4797 | D:6      | Killed Dowan
  4806 | D:6      | Killed Duvessa
  5225 | D:6      | Found a sacrificial altar of Ru.
  5288 | D:7      | Noticed Prince Ribbit
  5296 | D:7      | Reached skill level 11 in Axes
  5300 | D:7      | Killed Prince Ribbit
  5709 | D:7      | Found a broken altar of Ashenzari.
  5712 | D:7      | Reached skill level 12 in Axes
  5896 | D:7      | Noticed Maggie
  5905 | D:7      | Killed Maggie
  5906 | D:7      | Reached XP level 9. HP: 61/71 MP: 8/8
  5927 | D:7      | Identified the +0 leather armour of Dithmenos's Generosity
                  | {rC+ Str+3 SInv}
  6020 | D:7      | Found a runed translucent door.
  6021 | D:7      | Noticed Crazy Yiuf
  6068 | D:7      | Killed Crazy Yiuf
  6244 | D:8      | Reached skill level 13 in Axes
  6423 | D:8      | Noticed Erica
  6431 | D:8      | Killed Erica
  6432 | D:8      | Reached skill level 5 in Fighting
  6432 | D:8      | Reached skill level 14 in Axes
  6572 | D:8      | Found a shadowy altar of Dithmenos.
  6679 | D:8      | Reached *** piety under Trog
  7007 | D:8      | Reached XP level 10. HP: 83/83 MP: 9/9
  7389 | D:8      | Reached skill level 15 in Axes
  7466 | D:8      | Paralysed by a hornet for 3 turns
  7515 | D:8      | Noticed a cyan ugly thing
  7535 | D:8      | Killed a cyan ugly thing
  8316 | D:9      | Reached skill level 16 in Axes
  8465 | D:9      | Reached **** piety under Trog
  8577 | D:9      | Reached skill level 17 in Axes
  8585 | D:9      | Reached XP level 11. HP: 43/94 MP: 10/10
  8620 | D:9      | Noticed Jeremiah
  8639 | D:9      | Killed Jeremiah
  8894 | D:9      | Found a staircase to the Orcish Mines.
  9000 | D:9      | Found a shimmering blue altar of Sif Muna.
  9021 | D:10     | Entered Level 10 of the Dungeon
  9127 | D:10     | Noticed a two-headed ogre
  9131 | D:10     | Killed a two-headed ogre
  9132 | D:10     | Reached skill level 18 in Axes
  9471 | D:11     | Noticed a centaur warrior
  9756 | D:10     | Noticed a two-headed ogre
  9764 | D:10     | Killed a two-headed ogre
  9928 | D:10     | Noticed a cyan ugly thing
  9935 | D:10     | Killed a cyan ugly thing
 10208 | D:11     | Killed a centaur warrior
 10209 | D:11     | Reached skill level 19 in Axes
 10498 | D:11     | Found a glowing silver altar of Zin.
 10518 | D:11     | Noticed a boulder beetle
 10768 | D:12     | Noticed a boulder beetle
 10781 | D:12     | Killed a boulder beetle
 10868 | D:12     | Reached skill level 20 in Axes
 10917 | D:12     | Noticed a two-headed ogre
 10922 | D:12     | Killed a two-headed ogre
 11108 | D:12     | Noticed Nessos
 11116 | D:12     | Killed Nessos
 11117 | D:12     | Reached skill level 1 in Evocations
 11117 | D:12     | Reached XP level 12. HP: 80/103 MP: 11/11
 11555 | D:12     | Noticed a two-headed ogre
 11585 | D:12     | Slain by a two-headed ogre

Illustrated notes

Levels and vault maps discovered:
D:1:      minmay_arrival_up_and_down, layout_loops_ring,
          shapermc_ecumenical_altar_rom_forum, item_on_display_a
D:2:      layout_basic, uniq_terence
D:3:      layout_basic
D:4:      layout_cave_pools, kiku_gazebo_pond_becter,
          nicolae_tso_carved_into_rock, minmay_misc_feat_ornament,
          nicolae_figureground_pulse
D:5:      layout_loops_corners, mainiacjoe_overflow_tiny_flanked,
          minmay_temple_entry_mini_moons, lemuel_flame_loot_1
D:6:      layout_loops_ring, nicolae_ru_the_path_less_chosen, kennysheep_mini,
          uniq_duvessa
D:7:      layout_loops_ring, mainiacjoe_overflow_alcove_1,
          uniq_crazy_yiuf_cottage, uniq_prince_ribbit1, uniq_maggie
D:8:      minmay_slanted_spiral_squares, layout_loops_corners,
          overflow_temple_1_default, serial_demonic, serial_demonic_c,
          serial_demonic_e, serial_demonic_c, serial_demonic_c, uniq_erica
D:9:      layout_cave_pools, nicolae_sif_muna_little_library, orc_0_dummy,
          chequers_garden, uniq_jeremiah
D:10:     layout_basic, minmay_gold_behind_fungi
D:11:     layout_cave_pools, david_lair_shrubbed, zin_statuary
D:12:     nicolae_cairo_tiling_large_dashed, layout_long_grid,
          portal_ice_cave_demonic_guard, uniq_nessos

Skill      XL: |  1  2  3  4  5  6  7  8  9 10 11 |
---------------+----------------------------------+-----
Axes           | 4 5 6 7 9 10 12 14 17 20 | 20.1
Armour         | 3 5 7 8 |  8.9
Fighting       | 6 8 |  8.9
Evocations     | 1 |  1.6
Dodging        | |  2.6

Action                     |  1- 3 |  4- 6 |  7- 9 | 10-12 || total
---------------------------+-------+-------+-------+-------++-------
  Melee: Hand axe          |    53 |   136 |   139 |       ||   328
         Headbutt          |    12 |    21 |    46 |    60 ||   139
         War axe           |       |       |    15 |       ||    15
         Broad axe         |       |       |    49 |   240 ||   289
   Fire: Sling             |       |     6 |     1 |       ||     7
  Throw: Throwing net      |       |       |     1 |     1 ||     2
 Invoke: Berserk           |     1 |     2 |     2 |     3 ||     8
         Trog's Hand       |       |     2 |     4 |     6 ||    12
    Use: Scroll            |       |     6 |     2 |     7 ||    15
         Potion            |       |     5 |       |       ||     5
   Stab: Held in net/web   |       |       |     2 |       ||     2
         Sleeping          |       |       |       |     1 ||     1
 Armour: Animal skin       |    17 |       |       |       ||    17
         Scale mail        |    15 |    10 |       |       ||    25
         Chain mail        |       |   104 |   115 |       ||   219
         Leather armour    |       |       |    31 |   177 ||   208
  Dodge: Dodged            |    29 |    59 |    90 |   122 ||   300

Table legend: (Time is in decaauts)
 A = Elapsed time spent in this place.
 B = Non-inter-level travel time spent in this place.
 C = Inter-level travel time spent in this place.
 D = Time resting spent in this place.
 E = Time spent auto-exploring this place.
 F = Levels seen in this place.
 G = Mean time per level.
                   A        B        C        D        E       F      G
               +--------+--------+--------+--------+--------+-----+--------+
         Total |  11594 |  11201 |    393 |      0 |   8765 |  12 |  966.2 |
       Dungeon |  11594 |  11201 |    393 |      0 |   8765 |  12 |  966.2 |
               +--------+--------+--------+--------+--------+-----+--------+

Top non-repeatable levels by time:
     D:8: 2016 daAuts
    D:10: 1316 daAuts
     D:5: 1278 daAuts
    D:12: 1034 daAuts
     D:6: 970 daAuts
     D:7: 923 daAuts
     D:4: 903 daAuts
     D:9: 811 daAuts
     D:3: 766 daAuts
     D:1: 751 daAuts
     D:2: 640 daAuts
    D:11: 180 daAuts
